 Dungeon Crawl Stone Soup version 0.28-a0-1435-g82390b3a13 (webtiles) character file.

Game seed: 6038864012712925114

128 Hasart the Skirmisher (level 5, -18/55 HPs)
             Began as an Ogre Fighter on Jan 9, 2022.
             Demolished by an ogre (27 damage)
             ... on level 4 of the Dungeon.
             The game lasted 00:01:56 (2898 turns).

Hasart the Skirmisher (Ogre Fighter)                Turns: 2898, Time: 00:01:57

Health: -18/55     AC:  7    Str: 22    XL:     5   Next: 12%
Magic:  5/5        EV:  8    Int:  9    God:
Gold:   116        SH:  7    Dex:  8    Spells: 4/4 levels left

rFire   . . .      SeeInvis .   a - +0 war axe
rCold   . . .      Faith    .   c - +0 kite shield
rNeg    . . .      Spirit   .   b - +0 robe
rPois   .          Reflect  .   (helmet restricted)
rElec   .          Harm     .   (no cloak)
rCorr   +          Rampage  .   (gloves unavailable)
Will    .....                   (boots unavailable)
Stlth   +.........              (no amulet)
HPRegen 0.18/turn               i - +4 ring of protection
MPRegen 0.09/turn               e - ring of resist corrosion

@: no status effects
A: large, unfitting armour, tough skin 1
a: no special abilities


You were on level 4 of the Dungeon.
You visited 1 branch of the dungeon, and saw 4 of its levels.

You collected 116 gold pieces.

Inventory:

Hand Weapons
 a - a +0 war axe (weapon)
Armour
 b - a +0 robe (worn)
 c - a +0 kite shield (worn)
Jewellery
 e - a ring of resist corrosion (right hand)
 i - a +4 ring of protection (left hand)
Wands
 m - a wand of iceblast (11)
Scrolls
 f - a scroll of enchant armour {unknown}
 g - 2 scrolls of identify {unknown}
 j - a scroll of holy word {unknown}
 l - a scroll of fear {unknown}
 n - a scroll of amnesia {unknown}
 o - 2 scrolls of teleportation {unknown}
Potions
 d - 2 potions of might
 h - a potion of heal wounds {unknown}
 k - a potion of cancellation {unknown}


   Skills:
 + Level 4.9 Fighting
 * Level 3.5 Axes
 + Level 3.3 Dodging
 + Level 3.3 Shields


You had 4 spell levels left.
You didn't know any spells.
Your spell library contained the following spells:

 Spells                   Type           Power      Damage    Failure   Level
 Scorch                   Fire           0%         2d5       82%         2
 Flame Wave               Conj/Fire      0%         2d4       100%        4
 Summon Cactus Giant      Summ           0%         N/A       100%        6


Dungeon Overview and Level Annotations

Branches:
Dungeon (4/15)
 Temple: D:4-7

Altars:
Elyvilon
Qazlal


Innate Abilities, Weirdness & Mutations

You are too large for most types of armour.
You have tough skin. (AC +1)


Message History

You hit the bush but do no damage.
You have reached level 5!
You slash the dart slug!
You kill the dart slug!
You hit the bush. You slash the bush!
No target in view!
No target in view!
Found a white marble altar of Elyvilon.
You now have 97 gold pieces (gained 8).
You enter the shallow water.
Moving in this stuff is going to be slow.
Found a leather armour.
o - 2 scrolls labelled MEFFUKKALEMN (gained 1)
You now have 116 gold pieces (gained 19).
Found 18 stones.
A quokka comes into view.
A quokka is nearby!
You slash the quokka!
You kill the quokka!
You see here a +0 leather armour.
An ogre comes into view. It is wielding a +0 giant club.
Found 11 poisoned darts.
The ogre shouts!
An ogre is nearby!
The ogre hits you with a +0 giant club.
You slash the ogre!
The ogre is heavily wounded.
The ogre closely misses you.
You hit the ogre.
The ogre is heavily wounded.
The ogre hits you with a +0 giant club!!
You hit the ogre.
The ogre is heavily wounded.
The ogre hits you with a +0 giant club!!
* * * LOW HITPOINT WARNING * * *
You block the ogre's attack.
You barely miss the ogre.
The ogre is heavily wounded.
The ogre hits you with a +0 giant club!!
You die...

♣ . # ♣♣PP.#. ###
P♣♣..#.## #.. .P♣.♣ ..#
#.# ...P♣ #.# #.#
..♣.♣##.##.####.########
P♣♣.P.#.##.#....@O..(...
♣♣PP.....#.#.##.########
...≈≈##..#.#.##.#
♣P.≈≈.#..#.#.##.#
####..#..#.#.##.#
....#.#..#.#.##.#
.............##.#
#####[..........#
.........########


You could see an ogre.

Vanquished Creatures
  A bullfrog skeleton (D:4)
  Ijyb (D:3)
  A hound skeleton (D:4)
  An adder (D:3)
  A worm (D:2)
  3 dart slugs
  3 orcs (D:3)
  4 bats
  4 endoplasms
  2 giant cockroaches
  A goblin (D:3)
  4 hobgoblins
  2 quokkas
  4 ball pythons
  4 kobolds
  2 rats
38 creatures vanquished.

Notes
Turn   | Place    | Note
-------+----------+-------------------------------------------
     0 | D:1      | Hasart the Ogre Fighter began the quest for the Orb.
     0 | D:1      | Reached XP level 1. HP: 24/24 MP: 1/1
   326 | D:1      | Reached XP level 2. HP: 30/32 MP: 2/2
  1581 | D:2      | Found a stormy altar of Qazlal.
  1592 | D:2      | Reached XP level 3. HP: 30/40 MP: 3/3
  2136 | D:3      | Found a faded altar of an unknown god.
  2342 | D:3      | Noticed Ijyb
  2356 | D:3      | Killed Ijyb
  2357 | D:3      | Reached XP level 4. HP: 42/49 MP: 4/4
  2834 | D:4      | Reached XP level 5. HP: 52/55 MP: 5/5
  2847 | D:4      | Found a white marble altar of Elyvilon.
  2893 | D:4      | Noticed an ogre
  2898 | D:4      | Demolished by an ogre

Illustrated notes

Levels and vault maps discovered:
D:1:      onia_arrival_pentagram, layout_basic, minmay_door_square
D:2:      layout_loops_corners, basic_altar, minmay_misc_feat_diagonals
D:3:      layout_loops_cross, hellmonk_ecumenical_altar_lost_god, uniq_ijyb
D:4:      layout_loops_ring, tgw_xom, nicolae_elyvilon_peaceful_grove,
          nicolae_shop_self_help

Skill      XL: |  1  2  3 |
---------------+----------+-----
Dodging        | 3 |  3.3
Shields        | 3 |  3.3
Axes           | 3 |  3.5
Fighting       | |  4.9

Action                   |  1- 3 |  4- 6 || total
-------------------------+-------+-------++-------
Melee: War axe           |    89 |    24 ||   113
Armor: Robe              |    33 |     6 ||    39
Dodge: Dodged            |    34 |     3 ||    37
Block: Kite shield       |    35 |     8 ||    43

Table legend: (Time is in decaauts)
 A = Elapsed time spent in this place.
 B = Non-inter-level travel time spent in this place.
 C = Inter-level travel time spent in this place.
 D = Time resting spent in this place.
 E = Time spent auto-exploring this place.
 F = Levels seen in this place.
 G = Mean time per level.
                   A        B        C        D        E       F      G
               +--------+--------+--------+--------+--------+-----+--------+
         Total |   2954 |   2916 |     38 |    147 |   2450 |   4 |  738.5 |
       Dungeon |   2954 |   2916 |     38 |    147 |   2450 |   4 |  738.5 |
               +--------+--------+--------+--------+--------+-----+--------+

Top non-repeatable levels by time:
     D:1: 1078 daAuts
     D:2: 1012 daAuts
     D:3: 592 daAuts
     D:4: 271 daAuts
